 Dungeon Crawl Stone Soup version 0.26-a0-694-g74916bafe0 (webtiles) character file.

Game seed: 9088009846819723517

22 Peloso the Covered (level 2, 0/27 HPs)
             Began as a Minotaur Fighter on Oct 25, 2020.
             Succumbed to a kobold's poison
             ... on level 1 of the Dungeon.
             The game lasted 00:02:06 (561 turns).

Peloso the Covered (Minotaur Fighter)                Turns: 561, Time: 00:02:06

Health: 0/27       AC:  7    Str: 20    XL:     2   Next: 68%
Magic:  1/1        EV:  7    Int:  5    God:
Gold:   56         SH:  9    Dex:  9    Spells: 1/1 levels left

rFire    . . .     SeeInvis .   a - +0 long sword
rCold    + + .     Faith    .   c - +0 kite shield
rNeg     . . .     Spirit   +   b - +0 scale mail
rPois    +         Reflect  .   (helmet restricted)
rElec    +         Harm     .   (no cloak)
rCorr    +         Rampage  .   (no gloves)
MR       .....                  (no boots)
Stlth    ..........             e - amulet of guardian spirit
HPRegen  0.09/turn              f - ring of ice
MPRegen  0.07/turn              (no ring)

@: brilliant, lethally poisoned (0 -> -1), resistant
A: retaliatory headbutt, horns 2
a: no special abilities


You were on level 1 of the Dungeon.
You visited 1 branch of the dungeon, and saw 1 of its levels.

You collected 56 gold pieces.

Inventory:

Hand Weapons
 a - a +0 long sword (weapon)
Armour
 b - a +0 scale mail (worn)
 c - a +0 kite shield (worn)
Jewellery
 e - an amulet of guardian spirit (around neck)
 f - a ring of ice (left hand)
Scrolls
 g - a scroll of enchant weapon {unknown}
 i - a scroll of noise {unknown}
 k - a scroll of remove curse {unknown}
Potions
 d - a potion of might


   Skills:
 + Level 3.9 Fighting
 + Level 2.5 Long Blades
 + Level 4.1 Armour
 + Level 0.2 Dodging
 + Level 4.0 Shields


You had one spell level left.
You didn't know any spells.
Your spell library was empty.

Dungeon Overview and Level Annotations

Branches:
Dungeon (1/15)

Altars:


Innate Abilities, Weirdness & Mutations

You reflexively headbutt those who attack you in melee.
You have a pair of horns on your head.


Message History

You feel sick.
* * * LOW HITPOINT WARNING * * *
You feel sick.
Okay, then.
* * * LOW HITPOINT WARNING * * *
You feel sick.
* * * LOW HITPOINT WARNING * * *
You feel sick.
* * * LOW HITPOINT WARNING * * *
You feel sick.
* * * LOW HITPOINT WARNING * * *
You feel sick.
You open the door.
* * * LOW HITPOINT WARNING * * *
You feel sick.
There is an open door here.
* * * LOW HITPOINT WARNING * * *
You feel sick.
You feel protected.
You die...

#.#.##.# #........# #.#.# #
##.#####.# #.#.# #
#.##.>..# #.#.##.# ## #
#.##.# #......#### .#
#.##.##.# ###.#####.# .#
#.......# #.# #.#.# .#
####.#### #.###.#
#.##.######.# ## #....##
##.@........####### .#
#####.###.....#####....)..#
.##### ##.#.##.#..#
#.#####.# .#...#
##..##+##.# #.#####.##
.....# ##.#§≈≈#.#
#......... .#...# #.'≈§§+ #
#.#..##... .##.## ###≈≈≈#
##.#..##... ###.########
##+## #.........# #
#.[......# #..)#
#..#.##...#


There were no monsters in sight!

Vanquished Creatures
  2 dart slugs (D:1)
  2 giant cockroaches (D:1)
  3 hobgoblins (D:1)
  4 bats (D:1)
  A frilled lizard (D:1)
  2 goblins (D:1)
  A kobold (D:1)
  4 rats (D:1)
19 creatures vanquished.

Notes
Turn   | Place    | Note
-------+----------+-------------------------------------------
     0 | D:1      | Peloso the Minotaur Fighter began the quest for the Orb.
     0 | D:1      | Reached XP level 1. HP: 19/19 MP: 0/0
   274 | D:1      | Reached XP level 2. HP: 27/27 MP: 1/1
   557 | D:1      | HP: 1/27 [poisoned by a kobold]
   561 | D:1      | Succumbed to a kobold's poison

Illustrated notes

Levels and vault maps discovered:
D:1:      ncdulo_smallfort, layout_loops_cross, minmay_liquid_box

Skill      XL: |  1  2 |
---------------+-------+-----
Armour         | 4 |  4.1
Shields        | 4 |  4.0
Fighting       | |  3.9
Long Blades    | |  2.5
Dodging        | |  0.2

Action                   || total
-------------------------++-------
Melee: Long sword        ||    59
       Headbutt          ||     5
  Use: Potion            ||     3
Armor: Scale mail        ||    27
Dodge: Dodged            ||    19
Block: Kite shield       ||    32
       Rpst.: Long sword ||     5

Table legend: (Time is in decaauts)
 A = Elapsed time spent in this place.
 B = Non-inter-level travel time spent in this place.
 C = Inter-level travel time spent in this place.
 D = Time resting spent in this place.
 E = Time spent auto-exploring this place.
 F = Levels seen in this place.
 G = Mean time per level.
                   A        B        C        D        E       F      G
               +--------+--------+--------+--------+--------+-----+--------+
         Total |    582 |    582 |      0 |      0 |    377 |   1 |  582.0 |
       Dungeon |    582 |    582 |      0 |      0 |    377 |   1 |  582.0 |
               +--------+--------+--------+--------+--------+-----+--------+

Top non-repeatable levels by time:
     D:1: 582 daAuts
